 Dungeon Crawl Stone Soup version 0.27-a0-34-gc18c9092ac (webtiles) character file.

Game seed: 5616212879007834328

90225 tsouns the Blocker (level 16, -4/108 HPs)
             Began as an Octopode Ice Elementalist on Jan 4, 2021.
             Was the Champion of Vehumet.
             Killed from afar by Louise (11 damage)
             ... with a bolt of lightning
             ... on level 14 of the Dungeon on Jan 5, 2021.
             The game lasted 02:06:16 (32198 turns).

tsouns the Blocker (Octopode Ice Elementalist)     Turns: 32198, Time: 02:06:17

Health: -4/108     AC:  7    Str: 11    XL:     16   Next: 0%
Magic:  34/39      EV: 16    Int: 40    God:    Vehumet [******]
Gold:   1721       SH: 16    Dex: 11    Spells: 4/36 levels left

rFire    . . .     SeeInvis .   w - +5 war axe of Lutzoth {vorpal, rPois rF+ Int+4 Dex-2}
rCold    + + .     Faith    .   u - +4 kite shield
rNeg     . . .     Spirit   .   m - +2 hat
rPois    +         Reflect  .   s - amulet of Uzaif {RegenMP Str+3}
rElec    +         Harm     .   b - +6 ring of intelligence
rCorr    +         Rampage  .   g - ring of poison resistance
Will     +....                  p - ring of ice
Stlth    +++.......             J - ring of resist corrosion
HPRegen  0.28/turn              M - +4 ring of protection
MPRegen  0.51/turn              P - ring "Deomee" {rElec rPois MP+9 Int+7}
                                U - ring of protection from cold
                                (no ring)

@: marked, frozen ramparts
A: almost no armour, stealthy swim, amphibious, 8 rings, constrict 8, camouflage
1, gelatinous body 1
a: Renounce Religion


You were on level 14 of the Dungeon.
You worshipped Vehumet.
Vehumet was exalted by your worship.
You visited 3 branches of the dungeon, and saw 22 of its levels.
You also visited: Ice Cave.

You collected 3636 gold pieces.
You spent 1915 gold pieces at shops.

Inventory:

Hand Weapons
 w - the +5 war axe of Lutzoth (weapon) {vorpal, rPois rF+ Int+4 Dex-2}
   (You found it on level 6 of the Dungeon)

   It inflicts extra damage upon your enemies.
   It affects your intelligence (+4).
   It affects your dexterity (-2).
   It protects you from fire.
   It protects you from poison.
Missiles
 d - 5 throwing nets
 i - 9 javelins
 A - 4 curare-tipped darts (quivered)
Armour
 m - a +2 hat (worn)
 u - a +4 kite shield (worn)
Magical Staves
 C - an uncursed staff of cold
Jewellery
 b - a +6 ring of intelligence (left tentacle)
 g - a ring of poison resistance (right tentacle)
 p - a ring of ice (on tentacle)
 s - the amulet of Uzaif (around mantle) {RegenMP Str+3}
   (You bought it in a shop on level 2 of the Orcish Mines)

   [amulet of magic regeneration]

   It increases your magic regeneration.
   It affects your strength (+3).
 J - a ring of resist corrosion (on tentacle)
 M - a +4 ring of protection (on tentacle)
 P - the ring "Deomee" (on tentacle) {rElec rPois MP+9 Int+7}
   (You bought it in a shop on level 12 of the Dungeon)

   [ring of magical power]

   It affects your intelligence (+7).
   It insulates you from electricity.
   It protects you from poison.
   It affects your magic capacity (+9).
 U - a ring of protection from cold (on tentacle)
Wands
 k - a wand of disintegration (32)
 x - a wand of iceblast (10)
 G - a wand of polymorph (9)
 I - a wand of digging (9)
 L - a wand of paralysis (7)
 R - a wand of flame (29)
 V - a wand of enslavement (10)
Scrolls
 a - 6 scrolls of magic mapping
 c - 2 scrolls of enchant weapon
 e - 13 scrolls of remove curse
 j - 5 scrolls of immolation
 t - 3 scrolls of amnesia
 y - 3 scrolls of teleportation
 B - 8 scrolls of identify
 D - a scroll of fear
 E - a scroll of fog
 F - a scroll of silence
 N - 3 scrolls of brand weapon
 Q - a scroll of holy word
Potions
 f - 4 potions of lignification
 h - 7 potions of curing
 l - 5 potions of attraction
 n - a potion of might
 o - 2 potions of berserk rage
 q - 4 potions of resistance
 r - 2 potions of mutation
 v - 6 potions of haste
 z - 2 potions of cancellation
 K - 4 potions of flight
 S - a potion of magic
Miscellaneous
 H - a phantom mirror
 O - a lightning rod (4/4)
 T - a box of beasts


   Skills:
 + Level 9.2 Fighting
 + Level 6.1(6.7) Axes
 - Level 4.1(5.7) Polearms
 + Level 7.7 Dodging
 - Level 2.8 Stealth
 + Level 13.3 Shields
 + Level 10.8 Spellcasting
 + Level 12.4 Conjurations
 - Level 7.6 Summonings
 - Level 8.7 Ice Magic
 - Level 4.8 Earth Magic


You had 4 spell levels left.
You knew the following spells:

 Your Spells              Type           Power        Failure   Level
a - Freeze                Ice            100%         1%          1
b - Frozen Ramparts       Ice            100%         1%          3
c - Ozocubu's Armour      Ice            95%          1%          3
d - Hailstorm             Conj/Ice       100%         1%          4
e - Summon Ice Beast      Ice/Summ       92%          1%          4
f - Sticky Flame          Conj/Fire      63%          1%          4
g - Iron Shot             Conj/Erth      37%          2%          6
h - Spellforged Servitor  Conj/Summ      40%          8%          7

Your spell library contained the following spells:

 Spells                   Type           Power        Failure   Level
 Conjure Ball Lightning   Conj/Air       31%          7%          6
 Searing Ray              Conj           100%         0%          2
 Corona                   Hex            23%          1%          1
 Foxfire                  Conj/Fire      100%         1%          1
 Ensorcelled Hibernation  Hex/Ice        100%         1%          2
 Conjure Flame            Conj/Fire      63%          1%          3
 Dazzling Flash           Conj/Hex       100%         1%          3
 Ignite Poison            Fire/Tmut/Pois 21%          1%          3
 Inner Flame              Hex/Fire       21%          1%          3
 Static Discharge         Conj/Air       63%          1%          3
 Fulminant Prism          Conj/Hex       31%          1%          4
 Sublimation of Blood     Necr           10%          3%          2
 Confusing Touch          Hex            21%          6%          3
 Tukima's Dance           Hex            21%          6%          3
 Petrify                  Tmut/Erth      41%          8%          4
 Fireball                 Conj/Fire      31%          1%          5
 Irradiate                Conj/Tmut      31%          1%          5
 Lightning Bolt           Conj/Air       31%          1%          5
 Orb of Destruction       Conj           44%          3%          7
 Alistair's Intoxication  Tmut/Pois      14%          50%         5
 Eringya's Noxious Bog    Tmut/Pois      10%          58%         6
 Ignition                 Fire           10%          100%        8
 Shatter                  Erth           28%          100%        9
 Tornado                  Air            10%          100%        9


Dungeon Overview and Level Annotations

Branches:
Dungeon (14/15)            Temple (0/1) D:6            Lair (6/6) D:8
  Swamp (0/4) Lair:3        Snake (0/4) Lair:2        Slime (0/5) Lair:6
    Orc (2/2) D:10            Elf (0/3) Orc:2         IceCv (visited)
 Vaults: D:13-14

Altars:
Cheibriados
Fedhas
Gozag
Hepliaklqana
Ru
Trog
Vehumet
Wu Jian
Yredelemnul
The Shining One
Beogh
Jiyva

Shops:
D:5 ?   D:8 !   D:10 *   D:12 =   D:13 (   Orc:2 [*(=

Portals:
Trove: D:12 (give 5 scrolls of fear)

Annotations:
D:5 3 runed translucent doors, arkorax's ghost, novice DsTm
D:10 3 runed translucent doors, exclusion: obsidian statue, mattj7820's ghost, novice DsNe
D:14 Louise
Lair:2 3 runed translucent doors, Mehot's ghost, journeyman PaFi


Innate Abilities, Weirdness & Mutations

You cannot wear most types of armour.
You are very stealthy in the water. (Stealth+)
You are amphibious.
You can wear up to eight rings at the same time.
You can use your tentacles to constrict eight enemies at once.
Your skin changes colour to match your surroundings (Stealth+).
Your rubbery body absorbs attacks. (AC +1, EV +1)


Message History

You block the unseen horror's attack.
The wall freezes the unseen horror but does no damage.
You block the unseen horror's attack.
Louise mumbles some strange words.
Louise blinks!
The wall freezes the slime creature.
The wall freezes the slime creature!
A four-headed hydra comes into view.
The wall freezes the unseen horror.
The unseen horror closely misses you.
A wight comes into view. It is wielding a +3 mace of freezing.
Unknown command.
Unknown command.
Blink to where?
Press: ? - help, Dir - move target
As you read the scroll of blinking, it crumbles to dust.
The wall freezes the unseen horror.
The wall freezes Louise. x2
Louise casts a spell at you. The bolt of lightning hits you! You resist.
* * * LOW HITPOINT WARNING * * *
The bolt of lightning hits you! You resist.
You die...

,****
****,*###D...#...#
,*
*,,,,*#JJ..J..##.#
,*
*,****#.#####.#*.#
** *****,* *#ยง#
#..^,#***
****,,,,,* #..#
###J..,,*
***,,,,***** #@##
*##J#,*
****,,,**** *#.#
*,#,* ,,,,,***
###..# *,*,*
,,,,,* #.@.#*
*,,,* ,,,,,* #.###
**,,* ,,,,** **#.*
**,, ,,,,* *,..*
***
,,,,*********.##*
**,,,,,,,,,,..*
,,,,,,,,,,,##**
*,,,,,,,,,,*
**,,,,,,,,,*


You could see Louise.

Vanquished Creatures
  3 orc warlords
  Josephine (Lair:5)
  An ice dragon (Lair:5)
  10 hydras
  A boulder beetle (Lair:6)
  A catoblepas (Lair:6)
  A merfolk avatar (Lair:6)
  A two-headed ogre (D:11)
  A centaur warrior (D:12)
  5 death yaks (Lair:2)
  2 orc high priests (Orc:2)
  Sonja (Lair:1)
  2 sea snakes (Lair:6)
  Pikel (D:6)
  A harpy (Lair:6)
  6 orc knights
  4 orc sorcerers
  3 oklob plants (Lair:5)
  2 cyclopes
  4 manticores
  5 ugly things
  10 elephants (Lair:6)
  5 black mambas
  15 cane toads
  Joseph (D:7)
  A gargoyle (D:11)
  6 rime drakes
  12 komodo dragons
  7 polar bears
  11 trolls
  A wind drake (Lair:6)
  Prince Ribbit (D:9)
  5 hornets
  6 blink frogs (Lair:6)
  16 dream sheep
  Sigmund (D:3)
  8 wyverns
  4 wraiths (Lair:5)
  A shadow (D:13)
  81 yaks
  5 basilisks
  A hog (Lair:6)
  Grum (D:8)
  6 vampire mosquitoes
  7 fire bats (Lair:2)
  7 wargs
  3 soldier ants
  An acid dragon (D:12)
  13 water moccasins
  9 ice beasts
  5 sky beasts
  44 orc warriors
  3 black bears
  2 necrophages (D:10)
  12 ogres
  4 phantoms
  2 eyes of draining
  8 wolves
  3 centaurs
  A big kobold (D:9)
  2 lemures (D:6)
  23 bullfrogs
  A wyvern zombie (D:10)
  2 scorpions
  13 killer bees
  4 wights (D:13)
  2 electric eels
  5 howler monkeys
  A centaur zombie (D:5)
  12 orc priests
  2 bullfrog zombies (D:11)
  5 hounds
  5 centaur skeletons
  3 jellies
  A bullfrog skeleton (D:8)
  Ijyb (D:4)
  7 iguanas
  25 orc wizards
  9 worker ants
  2 hound zombies
  A hound skeleton (D:6)
  3 worker ant zombies
  10 gnolls
  10 adders
  3 shadow imps
  2 white imps
  2 ufetubi
  An ooze (D:4)
  4 adder skeletons
  3 worms
  4 dart slugs (D:2)
  2 leopard geckos
  94 orcs
  A ball python (D:1)
  5 giant cockroaches
  4 goblins (D:1)
  14 hobgoblins
  8 jackals
  5 quokkas
  11 bats
  6 frilled lizards
  A jackal skeleton (D:4)
  A jackal zombie (D:6)
  15 kobolds
  2 quokka zombies (D:5)
  6 rats
728 creatures vanquished.

Vanquished Creatures (collateral kills)
  Kirke (Lair:6)
  A black mamba (shapeshifter) (D:13)
  A cane toad (Lair:6)
  2 hogs (Lair:6)
  A wraith (Lair:5)
  A basilisk (Lair:6)
  An ice beast (IceCv)
  A wolf (Lair:4)
  An orc (Orc:2)
10 creatures vanquished.

Vanquished Creatures (others)
  A polar bear (Lair:5)
  75 fungi
  78 plants
154 creatures vanquished.

Grand Total: 892 creatures vanquished

Notes
Turn   | Place    | Note
-------+----------+-------------------------------------------
     0 | D:1      | tsouns the Octopode Ice Elementalist began the quest for
                  | the Orb.
     0 | D:1      | Reached XP level 1. HP: 11/11 MP: 3/3
   111 | D:1      | Reached XP level 2. HP: 15/17 MP: 1/5
   666 | D:1      | Reached XP level 3. HP: 20/21 MP: 2/6
   741 | D:1      | Learned a level 3 spell: Frozen Ramparts
  1062 | D:1      | HP: 1/21 [goblin (4)]
  1412 | D:2      | Reached XP level 4. HP: 27/27 MP: 5/8
  1625 | D:2      | Reached skill level 5 in Ice Magic
  2324 | D:2      | Learned a level 3 spell: Ozocubu's Armour
  2453 | D:3      | Reached XP level 5. HP: 22/31 MP: 4/10
  2627 | D:3      | Noticed Sigmund
  2875 | D:3      | Found a faded altar of an unknown god.
  2876 | D:3      | Noticed a black bear
  2885 | D:3      | Reached skill level 1 in Polearms
  2888 | D:3      | Killed a black bear
  2889 | D:3      | Reached XP level 6. HP: 34/36 MP: 5/11
  2958 | D:3      | Found a radiant altar of Vehumet.
  2961 | D:3      | Became a worshipper of Vehumet
  2981 | D:3      | Killed Sigmund
  3315 | D:3      | Learned a level 4 spell: Hailstorm
  3333 | D:4      | Reached XP level 7. HP: 40/41 MP: 11/13
  3550 | D:4      | Identified the Incunabulum of Destructive Flames
  3665 | D:4      | Reached skill level 1 in Conjurations
  4030 | D:4      | Found an opulent altar of Gozag.
  4110 | D:4      | Noticed Ijyb
  4123 | D:4      | Killed Ijyb
  4231 | D:4      | Reached * piety under Vehumet
  4231 | D:4      | Offered knowledge of Shock by Vehumet.
  4401 | D:4      | Found a basalt altar of Yredelemnul.
  4522 | D:5      | Entered Level 5 of the Dungeon
  4705 | D:5      | Reached XP level 8. HP: 46/46 MP: 7/15
  4774 | D:5      | Found a sacrificial altar of Ru.
  4782 | D:5      | Found a runed translucent gate.
  4794 | D:5      | Found a runed translucent gate.
  4794 | D:5      | Found an opulent altar of Gozag.
  4795 | D:5      | Found a runed translucent gate.
  4796 | D:5      | Noticed arkorax's ghost (novice DsTm)
  5183 | D:5      | Found Ebentu Oppy's Magic Scroll Shoppe.
  5221 | D:5      | Bought a scroll of immolation for 38 gold pieces
  5221 | D:5      | Bought a scroll of noise for 11 gold pieces
  5221 | D:5      | Bought a scroll of identify for 22 gold pieces
  5262 | D:5      | Reached skill level 5 in Spellcasting
  5495 | D:5      | Learned a level 4 spell: Summon Ice Beast
  6251 | D:6      | Got a brightly glowing war axe
  6252 | D:6      | Identified the +5 war axe of Lutzoth {vorpal, rPois rF+
                  | Int+4 Dex-2} (You found it on level 6 of the Dungeon)
  6364 | D:6      | Found a staircase to the Ecumenical Temple.
  6459 | D:6      | Reached skill level 1 in Summonings
  6518 | D:6      | Noticed Pikel
  6526 | D:6      | Killed Pikel
  6527 | D:6      | Reached skill level 1 in Fighting
  6527 | D:6      | Reached skill level 1 in Axes
  6689 | D:6      | Reached XP level 9. HP: 54/54 MP: 17/17
  6793 | D:6      | Found a snail-covered altar of Cheibriados.
  7053 | D:7      | Found a blossoming altar of Fedhas.
  7056 | D:7      | Noticed Joseph
  7071 | D:7      | Killed Joseph
  7324 | D:7      | Reached ** piety under Vehumet
  7328 | D:7      | Offered knowledge of Sandblast by Vehumet.
  7355 | D:7      | Got a brightly glowing whip
  7356 | D:7      | Identified the +9 whip "Feopy" {vorpal, +Fly rF+ Will-}
                  | (You found it on level 7 of the Dungeon)
  7496 | D:7      | Found an ornate altar of the Wu Jian Council.
  7682 | D:7      | Found a glowing golden altar of the Shining One.
  8206 | D:8      | Found a staircase to the Lair.
  8334 | D:8      | Reached skill level 5 in Conjurations
  8441 | D:8      | Reached XP level 10. HP: 23/63 MP: 14/19
  8479 | D:8      | Offered knowledge of Inner Flame by Vehumet.
  8876 | D:8      | Found Ysagimyt's Distillery.
  8947 | D:8      | Bought a potion of haste for 140 gold pieces
  8947 | D:8      | Bought a potion of heal wounds for 70 gold pieces
  8947 | D:8      | Bought a potion of ambrosia for 112 gold pieces
  8947 | D:8      | Bought a potion of heal wounds for 70 gold pieces
  8949 | D:8      | Noticed Grum
  8955 | D:8      | Killed Grum
  9090 | D:8      | Found a roughly hewn altar of Beogh.
  9093 | D:8      | Reached *** piety under Vehumet
  9338 | Lair:1   | Entered Level 1 of the Lair of Beasts
  9338 | Lair:1   | Noticed Sonja
  9472 | Lair:1   | Noticed a cane toad
  9485 | Lair:1   | Killed a cane toad
  9714 | Lair:1   | Killed Sonja
  9715 | Lair:1   | Reached skill level 5 in Fighting
  9715 | Lair:1   | Reached skill level 5 in Axes
  9715 | Lair:1   | Reached skill level 5 in Summonings
  9779 | Lair:1   | Reached skill level 2 in Shields
  9854 | Lair:1   | Reached skill level 3 in Shields
  9911 | Lair:1   | Reached XP level 11. HP: 71/71 MP: 18/21
  9975 | Lair:1   | Noticed an eight-headed hydra
  9989 | Lair:1   | Killed an eight-headed hydra
  9990 | Lair:1   | Reached skill level 5 in Shields
 10114 | Lair:1   | Reached skill level 6 in Shields
 10418 | Lair:1   | Offered knowledge of Stone Arrow by Vehumet.
 10825 | Lair:1   | Reached skill level 7 in Shields
 11534 | Lair:2   | Noticed a death yak
 11535 | Lair:2   | Noticed a death yak
 11536 | Lair:2   | Noticed a death yak
 11537 | Lair:2   | Noticed a death yak
 11539 | Lair:2   | Noticed a death yak
 11551 | Lair:2   | Killed a death yak
 11551 | Lair:2   | Killed a death yak
 11552 | Lair:2   | Reached skill level 8 in Shields
 11553 | Lair:2   | HP: 2/71 [death yak (24)]
 11922 | Lair:2   | Found a staircase to the Snake Pit.
 11922 | Lair:2   | Noticed an eight-headed hydra
 11932 | Lair:2   | Killed an eight-headed hydra
 11933 | Lair:2   | Reached skill level 9 in Shields
 12291 | Lair:2   | Noticed an ice dragon
 12421 | Lair:2   | HP: 2/71 [death yak (26)]
 12454 | Lair:2   | HP: 3/71 [death yak (6)]
 12488 | Lair:2   | Killed a death yak
 12493 | Lair:2   | Killed a death yak
 12497 | Lair:2   | Killed a death yak
 12498 | Lair:2   | Reached XP level 12. HP: 40/78 MP: 4/22
 12931 | Lair:2   | Noticed Mehot's ghost (journeyman PaFi)
 12938 | Lair:2   | Found a runed translucent gate.
 12938 | Lair:2   | Found a runed translucent gate.
 12938 | Lair:2   | Found a runed translucent gate.
 12963 | Lair:2   | Noticed a four-headed hydra
 12974 | Lair:2   | Killed a four-headed hydra
 13000 | Lair:2   | Reached skill level 10 in Shields
 13002 | Lair:2   | Reached **** piety under Vehumet
 13219 | Lair:2   | Noticed a five-headed hydra
 13226 | Lair:2   | Killed a five-headed hydra
 13302 | Lair:2   | Offered knowledge of Conjure Flame by Vehumet.
 13303 | Lair:2   | Reached skill level 5 in Dodging
 13352 | Lair:2   | Learned a level 3 spell: Conjure Flame
 14429 | Lair:3   | Found a staircase to the Swamp.
 15260 | Lair:4   | Noticed a seven-headed hydra
 15268 | Lair:4   | Killed a seven-headed hydra
 15526 | Lair:4   | Reached skill level 11 in Shields
 15528 | Lair:4   | Reached XP level 13. HP: 40/88 MP: 21/23
 15912 | Lair:4   | Learned a level 6 spell: Iron Shot
 16819 | Lair:5   | Found a frozen archway.
 16822 | Lair:5   | Noticed an ice dragon
 16825 | Lair:5   | Reached skill level 1 in Earth Magic
 16841 | Lair:5   | Killed an ice dragon
 16984 | IceCv    | Entered an ice cave
 17017 | IceCv    | Found a transporter.
 17437 | Lair:5   | Noticed Josephine
 17454 | Lair:5   | Killed Josephine
 17642 | Lair:5   | Reached ***** piety under Vehumet
 17857 | Lair:5   | Learned a level 4 spell: Sticky Flame
 18222 | Lair:5   | Offered knowledge of Iskenderun's Mystic Blast by Vehumet.
 19191 | Lair:6   | Entered Level 6 of the Lair of Beasts
 19912 | Lair:6   | Reached skill level 12 in Shields
 20042 | Lair:6   | Reached XP level 14. HP: 67/95 MP: 8/26
 20046 | Lair:6   | Found a viscous altar of Jiyva.
 20366 | Lair:6   | Found a staircase to the Slime Pits.
 22063 | Lair:6   | Reached skill level 10 in Conjurations
 22348 | Lair:6   | Noticed Kirke
 22365 | Lair:6   | Killed Kirke
 22366 | Lair:6   | Reached skill level 13 in Shields
 23637 | D:9      | Noticed Prince Ribbit
 23645 | D:9      | Killed Prince Ribbit
 23802 | D:9      | Found a bloodstained altar of Trog.
 24234 | D:10     | Entered Level 10 of the Dungeon
 24268 | D:10     | Found a staircase to the Orcish Mines.
 24808 | D:10     | Offered knowledge of Spellforged Servitor by Vehumet.
 24817 | D:10     | Learned a level 7 spell: Spellforged Servitor
 24960 | D:10     | Found a runed translucent gate.
 24960 | D:10     | Found a runed translucent gate.
 24960 | D:10     | Found an opulent altar of Gozag.
 24961 | D:10     | Found a runed translucent gate.
 24970 | D:10     | Found Aghom's Assorted Antiques.
 24970 | D:10     | Noticed mattj7820's ghost (novice DsNe)
 25114 | Orc:1    | Entered Level 1 of the Orcish Mines
 25375 | Orc:1    | Noticed an orc warlord
 25390 | Orc:1    | Killed an orc warlord
 25391 | Orc:1    | Reached XP level 15. HP: 41/100 MP: 4/28
 25833 | Orc:2    | Entered Level 2 of the Orcish Mines
 25939 | Orc:2    | Noticed an orc warlord
 26443 | Orc:2    | Found Ythuab's General Store.
 26462 | Orc:2    | Found Kiesof's Antique Weapon Shoppe.
 26522 | Orc:2    | Noticed an orc warlord
 26763 | Orc:2    | Paralysed by an orc sorcerer for 3 turns
 27063 | Orc:1    | Killed an orc warlord
 27839 | Orc:2    | Found a staircase to the Elven Halls.
 27869 | Orc:2    | Found Pucwiani's Jewellery Boutique.
 27877 | Orc:2    | Bought the amulet of Uzaif {RegenMP Str+3} for 606 gold
                  | pieces
 27907 | Orc:2    | Found Ashenuj's Antique Armour Emporium.
 27942 | Orc:1    | Reached skill level 10 in Spellcasting
 28311 | Orc:2    | Killed an orc warlord
 28985 | D:11     | Reached ****** piety under Vehumet
 29449 | D:11     | Found a hazy altar of Hepliaklqana.
 29688 | D:12     | Offered knowledge of Conjure Ball Lightning by Vehumet.
 30003 | D:12     | Found a portal to a secret trove of treasure.
 30113 | D:12     | Found Qat Kane's Jewellery Emporium.
 30118 | D:12     | Bought the ring "Deomee" {rElec rPois MP+9 Int+7} for 846
                  | gold pieces
 31071 | D:13     | Paralysed by a hornet for 3 turns
 31763 | D:13     | Found Baboe's Antique Weapon Shoppe.
 31856 | D:13     | Identified a scroll of acquirement
 31868 | D:13     | Acquired 1297 gold pieces
 32195 | D:14     | Noticed Louise
 32197 | D:14     | Reached XP level 16. HP: 9/108 MP: 30/30
 32198 | D:14     | Killed from afar by Louise

Illustrated notes

Levels and vault maps discovered:
D:1:      dpeg_arrival_tiny_a, layout_loops_ring, serial_bayou_lagoon_a,
          kennysheep_boxes
D:2:      layout_rooms, supply_closet_lemuel, minmay_between
D:3:      layout_basic, lemuel_doored_altar,
          chequers_ecumenical_altar_simple_redux, uniq_sigmund
D:4:      layout_cave_pools, nicolae_overflow_crystal_walls, lemuel_round_altar,
          minmay_three_crescents, uniq_ijyb
D:5:      layout_layer_cave, kennysheep_mini, serial_shops,
          nicolae_shop_competitors_out_of_business, ebering_ghost_gozag
D:6:      layout_loops_corners, cheibriados_altar_1,
          minmay_temple_entry_glassed_door, uniq_pikel
D:7:      layout_cave_pools, nzn_wu_jian_council_hall,
          nicolae_tso_carved_into_rock, fedhas_altar_1, uniq_joseph
D:8:      layout_loops_ring, erik_lair_orcish_takeover, special_room
          [special_room_orc], serial_shops, shop, corexii_leaking_fountain,
          uniq_grum
D:9:      layout_roguey, bloody_trog, uniq_prince_ribbit1
D:10:     layout_roguey, orc_0_dummy, ebering_ghost_gozag
D:11:     layout_roguey, basic_altar
D:12:     layout_roguey, serial_corexii_hall, corexii_hall_statues_x,
          corexii_hall_statues_t, corexii_hall_statues_l,
          chequers_hall_statues_y, serial_shops, kennysheep_little_box,
          enter_trove_2
D:13:     layout_roguey, serial_shops, shop_statue, minmay_misc_feat_doors,
          hangedman_decor_points
D:14:     layout_rooms, david_vaults_4, basic_altar, gauntlet_entry_generic,
          ashenzari_altar_1, uniq_louise, uniq_frances
Lair:1:   layout_small_grid, infiniplex_staircase_pool_2, uniq_sonja
Lair:2:   layout_gridlike, dummy_snake_entry, gammafunk_ghost_icy,
          chequers_serial_rivers_micro_d
Lair:3:   layout_roguey, swamp_mist, serial_bayou_shore_a, serial_bayou_shore_b,
          serial_bayou_shore_b
Lair:4:   layout_cave_pods
Lair:5:   layout_roguey, portal_ice_cave_entry_animals_and_master,
          grunt_megastairs_5, minmay_lair_oklob_chamber, uniq_josephine
Lair:6:   gammafunk_lair_ancient_temple, layout_cave_pods, slime_altar_1,
          st_stairs_10, uniq_kirke
Orc:1:    layout_caves
Orc:2:    grunt_orc_gardens, layout_diamond_mine, grunt_orc_garden,
          grunt_orc_garden, grunt_orc_garden, grunt_orc_garden

Skill      XL: |  1  2  3  4  5  6  7  8  9 10 11 12 13 14 15 |
---------------+----------------------------------------------+-----
Spellcasting   | 3 4 5 6 7 8 9 10 | 10.8
Ice Magic      | 5 6 7 8 |  8.7
Polearms       | 2 3 4 |  4.1
Conjurations   | 2 3 5 6 8 10 12 | 12.4
Summonings     | 2 3 5 7 |  7.6
Fighting       | 1 3 5 8 9 |  9.2
Axes           | 2 3 5 6 |  6.1
Shields        | 3 9 11 12 13 | 13.3
Dodging        | 3 6 7 |  7.7
Earth Magic    | 4 |  4.8
Stealth        | |  2.8

Action                   |  1- 3 |  4- 6 |  7- 9 | 10-12 | 13-15 | 16-18 || total
-------------------------+-------+-------+-------+-------+-------+-------++-------
Melee: Unarmed           |     6 |     1 |       |       |       |       ||     7
       Constrict         |     3 |     3 |    20 |    10 |    62 |       ||    98
       Spear             |       |    10 |    55 |       |       |       ||    65
       Tentacles         |       |       |    11 |     7 |    51 |       ||    69
       War axe           |       |       |    45 |    52 |   461 |       ||   558
       Staff             |       |       |       |     1 |       |       ||     1
Throw: Javelin           |       |     5 |    24 |    10 |     5 |       ||    44
       Dart              |       |       |       |     4 |    11 |       ||    15
       Throwing net      |       |       |       |       |     1 |       ||     1
 Cast: Freeze            |    50 |    61 |    55 |   105 |    52 |       ||   323
       Frozen Ramparts   |       |     4 |    15 |    31 |    59 |       ||   109
       Hailstorm         |       |       |     9 |    64 |   169 |       ||   242
       Ozocubu's Armour  |       |       |     3 |    23 |    36 |       ||    62
       Summon Ice Beast  |       |       |     1 |     5 |    10 |       ||    16
       Conjure Flame     |       |       |       |     2 |       |       ||     2
       Iron Shot         |       |       |       |       |    84 |       ||    84
       Sticky Flame      |       |       |       |       |    69 |       ||    69
       Spellforged Servi |       |       |       |       |     1 |       ||     1
Evoke: Wand              |       |       |     1 |     2 |    21 |       ||    24
  Use: Scroll            |       |     9 |     7 |     4 |    22 |     1 ||    43
       Potion            |       |       |     1 |     1 |    12 |     1 ||    15
 Stab: Sleeping          |       |     1 |     4 |     4 |    11 |       ||    20
       Distracted        |       |       |       |       |     5 |       ||     5
       Petrified         |       |       |       |       |     2 |       ||     2
       Petrifying        |       |       |       |       |     1 |       ||     1
Armor: Skin              |     5 |     6 |     8 |    33 |   145 |       ||   197
Dodge: Dodged            |    29 |    44 |    80 |   104 |   332 |     1 ||   590
Block: Kite shield       |       |       |       |    67 |   558 |     2 ||   627

Table legend: (Time is in decaauts)
 A = Elapsed time spent in this place.
 B = Non-inter-level travel time spent in this place.
 C = Inter-level travel time spent in this place.
 D = Time resting spent in this place.
 E = Time spent auto-exploring this place.
 F = Levels seen in this place.
 G = Mean time per level.
                   A        B        C        D        E       F      G
               +--------+--------+--------+--------+--------+-----+--------+
         Total |  32364 |  31436 |    928 |    783 |  26172 |  23 | 1407.1 |
       Dungeon |  14814 |  14431 |    383 |      0 |  12407 |  14 | 1058.1 |
          Lair |  13772 |  13304 |    468 |    230 |  11324 |   6 | 2295.3 |
  Orcish Mines |   3614 |   3537 |     77 |    463 |   2441 |   2 | 1807.0 |
      Ice Cave |    163 |    163 |      0 |     90 |      0 |   1 |  163.0 |
               +--------+--------+--------+--------+--------+-----+--------+

Top non-repeatable levels by time:
  Lair:5: 4026 daAuts
  Lair:1: 2876 daAuts
   Orc:1: 2508 daAuts
  Lair:6: 2220 daAuts
  Lair:2: 1636 daAuts
  Lair:4: 1539 daAuts
  Lair:3: 1472 daAuts
     D:5: 1410 daAuts
    D:12: 1358 daAuts
     D:8: 1354 daAuts
    D:13: 1323 daAuts
     D:1: 1301 daAuts
     D:4: 1211 daAuts
   Orc:2: 1106 daAuts
     D:6: 1089 daAuts
